General information
- name: BNet
- type: Ladder team game (AT/RT)
- host: Battle.net
- saver: TALONSAREIMBA
map: BloodstoneMesa
- players: 6
- length: 10:59
- speed: Fast
- version: 1.24 W3XP
- replay type: Public
» download(77 KB)
Players
team 1 (loser)
freelesson (
green | 35 APM | 385 actions | 10:51)
2 Crypt Lord
1 Carrion Beetles
1 Spiked Carapace
1 Dark Ranger
1 Black Arrow
» actions
| Assign group hotkey | 1 | |
| Basic commands | 6 | |
| Build / train | 29 | |
| Enter build submenu | 10 | |
| Enter hero's abilities submenu | 3 | |
| Remove unit from queue | 3 | |
| Right click | 196 | |
| Select / deselect | 114 | |
| Select group hotkey | 2 | |
| Use ability | 21 | |
385 total
» units
| Acolyte | 3 | |
| Ghoul | 2 | |
| Crypt Fiend | 9 | |
14 total
» upgrades
| Creature Attack | 1 | |
| Web | 1 | |
| Burrow | 1 | |
3 total
» buildings
| Graveyard | 2 | |
| Ziggurat | 4 | |
| Crypt | 1 | |
| Altar of Darkness | 1 | |
| Nerubian Tower | 1 | |
| Tomb of Relics | 1 | |
| Spirit Tower | 1 | |
| Halls of the Dead | 1 | |
| Slaughterhouse | 1 | |
13 total
» build order
00:13 Graveyard
00:15 Ziggurat
00:20 Graveyard
00:40 Crypt
01:01 Altar of Darkness
01:12 Nerubian Tower
01:28 Tomb of Relics
02:28 Ziggurat
04:22 Spirit Tower
05:11 Ziggurat
05:36 Halls of the Dead
07:43 Ziggurat
07:59 Slaughterhouse
» items
GlenMaster (
pink | 95 APM | 1037 actions | 10:57)
2 Blademaster
1 Wind Walk
1 Critical Strike
» actions
| Assign group hotkey | 7 | |
| Basic commands | 55 | |
| Build / train | 47 | |
| Enter build submenu | 11 | |
| Enter hero's abilities submenu | 2 | |
| Remove unit from queue | 2 | |
| Right click | 555 | |
| Select / deselect | 221 | |
| Select group hotkey | 102 | |
| Use ability | 35 | |
1037 total
» units
| Peon | 6 | |
| Grunt | 1 | |
| Raider | 3 | |
| Spirit Walker | 2 | |
12 total
» upgrades
| Spirit Walker Training | 1 | |
| Ensnare | 1 | |
2 total
» buildings
| Altar of Storms | 1 | |
| Orc Burrow | 3 | |
| Voodoo Lounge | 1 | |
| Stronghold | 2 | |
| Barracks | 1 | |
| Spirit Lodge | 1 | |
| Beastiary | 1 | |
| War Mill | 1 | |
| Fortress | 9 | |
20 total
» build order
00:04 Altar of Storms
00:11 Orc Burrow
00:37 Voodoo Lounge
02:20 Stronghold
02:20 Stronghold
02:32 Barracks
04:46 Spirit Lodge
05:30 Beastiary
06:43 War Mill
07:31 Fortress
07:40 Orc Burrow
07:46 Fortress
09:12 Orc Burrow
» items
| Healing Salve | 2 | |
| Lesser Clarity Potion | 3 | |
| Scroll of Speed | 1 | |
| Potion of Healing | 1 | |
7 total
mycatsaredead (
purple | 62 APM | 673 actions | 10:54)
3 Death Knight
1 Death Coil
2 Unholy Aura
» actions
| Assign group hotkey | 12 | |
| Build / train | 29 | |
| Enter build submenu | 12 | |
| Enter hero's abilities submenu | 3 | |
| Right click | 362 | |
| Select / deselect | 138 | |
| Select group hotkey | 88 | |
| Use ability | 29 | |
673 total
» units
| Acolyte | 4 | |
| Ghoul | 3 | |
| Crypt Fiend | 12 | |
19 total
» buildings
| Ziggurat | 5 | |
| Graveyard | 1 | |
| Crypt | 1 | |
| Altar of Darkness | 1 | |
| Tomb of Relics | 1 | |
| Nerubian Tower | 2 | |
| Spirit Tower | 1 | |
| Halls of the Dead | 1 | |
| Necropolis | 1 | |
14 total
» build order
00:08 Ziggurat
00:19 Graveyard
00:39 Crypt
01:01 Altar of Darkness
01:26 Ziggurat
01:37 Tomb of Relics
02:53 Ziggurat
03:23 Nerubian Tower
05:06 Ziggurat
05:43 Spirit Tower
06:06 Nerubian Tower
06:10 Ziggurat
09:09 Halls of the Dead
09:30 Necropolis
» items
| Rod of Necromancy | 1 | |
| Potion of Healing | 1 | |
2 total
team 2 (winner)
CoLeGePaRtYeR17 (
yellow | 83 APM | 912 actions | 10:58)
3 Archmage
2 Summon Water Elemental
1 Brilliance Aura
1 Mountain King
1 Storm Bolt
» actions
| Assign group hotkey | 31 | |
| Basic commands | 73 | |
| Build / train | 37 | |
| ESC pressed | 2 | |
| Enter build submenu | 13 | |
| Enter hero's abilities submenu | 4 | |
| Right click | 422 | |
| Select / deselect | 194 | |
| Select group hotkey | 90 | |
| Use ability | 46 | |
912 total
» units
» upgrades
| Defend | 1 | |
| Lumber Harvesting | 1 | |
2 total
» buildings
| Altar of Kings | 1 | |
| Barracks | 1 | |
| Farm | 6 | |
| Arcane Vault | 1 | |
| Keep | 2 | |
| Scout Tower | 1 | |
| Arcane Tower | 2 | |
| Lumber Mill | 1 | |
| Arcane Sanctum | 1 | |
16 total
» build order
00:04 Altar of Kings
00:25 Barracks
00:44 Farm
01:01 Farm
01:53 Arcane Vault
02:39 Farm
03:17 Keep
03:17 Keep
03:38 Scout Tower
04:09 Arcane Tower
04:10 Arcane Tower
04:13 Lumber Mill
06:08 Farm
06:52 Arcane Sanctum
08:12 Farm
08:17 Farm
» items
| Potion of Healing | 1 | |
| Scroll of Regeneration | 2 | |
3 total

»
Lord_Kamakazie (
red | 46 APM | 502 actions | 10:58)
3 Blademaster
2 Wind Walk
1 Critical Strike
1 Shadow Hunter
1 Hex
1 Tauren Chieftain
1 Endurance Aura
» actions
| Assign group hotkey | 16 | |
| Basic commands | 15 | |
| Build / train | 39 | |
| Enter build submenu | 10 | |
| Enter hero's abilities submenu | 5 | |
| Right click | 254 | |
| Select / deselect | 84 | |
| Select group hotkey | 57 | |
| Use ability | 22 | |
502 total
» units
| Peon | 10 | |
| Troll Headhunter/Berserker | 9 | |
19 total
» upgrades
| Ranged Weapons | 2 | |
| Armor | 1 | |
| Troll Regeneration | 1 | |
| Berserker Upgrade | 1 | |
| Reinforced Defenses | 1 | |
6 total
» buildings
| Altar of Storms | 1 | |
| Orc Burrow | 5 | |
| Barracks | 1 | |
| War Mill | 1 | |
| Voodoo Lounge | 1 | |
| Stronghold | 1 | |
| Fortress | 1 | |
11 total
» build order
00:04 Altar of Storms
00:23 Orc Burrow
00:39 Barracks
01:30 War Mill
02:08 Orc Burrow
02:41 Voodoo Lounge
03:50 Stronghold
04:50 Orc Burrow
06:05 Orc Burrow
06:33 Fortress
07:32 Orc Burrow
» items
| Healing Salve | 1 | |
| Lesser Clarity Potion | 1 | |
| Scroll of Speed | 1 | |
| Scroll of Town Portal | 1 | |
4 total
TALONSAREIMBA (
teal | 110 APM | 1204 actions | 10:59)
5 Tauren Chieftain
3 War Stomp
2 Endurance Aura
2 Shadow Hunter
1 Hex
1 Healing Wave
» actions
| Assign group hotkey | 15 | |
| Basic commands | 77 | |
| Build / train | 46 | |
| Enter build submenu | 8 | |
| Enter hero's abilities submenu | 7 | |
| Right click | 473 | |
| Select / deselect | 323 | |
| Select group hotkey | 195 | |
| Use ability | 60 | |
1204 total
» units
| Peon | 6 | |
| Troll Headhunter/Berserker | 16 | |
22 total
» upgrades
» buildings
| Altar of Storms | 1 | |
| Orc Burrow | 3 | |
| War Mill | 1 | |
| Barracks | 1 | |
| Voodoo Lounge | 1 | |
| Stronghold | 1 | |
| Fortress | 1 | |
9 total
» build order
00:06 Altar of Storms
00:08 Orc Burrow
00:26 War Mill
01:02 Barracks
02:13 Orc Burrow
02:41 Voodoo Lounge
04:36 Stronghold
04:55 Orc Burrow
09:19 Fortress
» items
| Healing Salve | 1 | |
| Lesser Clarity Potion | 2 | |
| Scroll of Town Portal | 1 | |
| Potion of Mana | 2 | |
| Potion of Healing | 2 | |
8 total
Chat log
(00:15 / All) Lord_Kamakazie: hi from?
(00:17 / All) Lord_Kamakazie: me rus
(00:18 / All) TALONSAREIMBA: Ur mom
(00:18 / All) Lord_Kamakazie: ))
(00:25 / All) freelesson: iraq
(00:32 / All) CoLeGePaRtYeR17: mydogsarealive
(00:44 / All) Lord_Kamakazie: except the one that died
(00:48 / All) mycatsaredead: i guess you werent too hungry then
(00:54 / All) TALONSAREIMBA: i eat dogs
(00:55 / All) TALONSAREIMBA: actually
(00:59 / All) CoLeGePaRtYeR17: rage inducing erection
(01:11 / Allies) CoLeGePaRtYeR17: yes
(01:16 / Allies) Lord_Kamakazie: we should
(01:18 / Allies) Lord_Kamakazie: 3s in that
(01:27 / Allies) CoLeGePaRtYeR17: he thinks it sucks
(01:34 / Allies) Lord_Kamakazie: what a noob
(01:42 / Allies) TALONSAREIMBA: beat
(01:43 / Allies) TALONSAREIMBA: daniel
(01:44 / Allies) TALONSAREIMBA: consistently
(01:46 / Allies) CoLeGePaRtYeR17: rofl
(01:50 / Allies) CoLeGePaRtYeR17: you never even 1v1d me
(01:54 / All) Lord_Kamakazie: im making a blademaster
(01:59 / All) Lord_Kamakazie: and im going to harass you
(02:01 / All) Lord_Kamakazie: how mad
(02:03 / All) Lord_Kamakazie: are you
(02:04 / All) Lord_Kamakazie: right now
(02:19 / All) Lord_Kamakazie: scale of
(02:20 / All) Lord_Kamakazie: 1 - 10
(02:21 / All) Lord_Kamakazie: ?
(02:25 / All) mycatsaredead: -14
(02:28 / All) mycatsaredead: around
(02:30 / All) Lord_Kamakazie: so 7
(02:31 / All) Lord_Kamakazie: then
(02:33 / All) Lord_Kamakazie: ok
(02:35 / All) Lord_Kamakazie: thats p mad
(02:49 / All) mycatsaredead: Oh man i am really up set right now
(03:04 / All) Lord_Kamakazie: i had sex with my dog
(03:08 / All) mycatsaredead: I know
(03:15 / All) mycatsaredead: I filmed it remember
(03:15 / All) Lord_Kamakazie: im not kidding
(03:20 / All) Lord_Kamakazie: i sucked his dick
(03:22 / All) Lord_Kamakazie: thoughts?
(03:36 / All) TALONSAREIMBA: why does an orc
(03:38 / All) TALONSAREIMBA: have an asian name
(03:42 / All) TALONSAREIMBA: Kigami
(04:24 / All) Lord_Kamakazie: like im really
(04:27 / All) Lord_Kamakazie: not kidding
(04:30 / All) Lord_Kamakazie: i sucked his dick
(04:51 / All) mycatsaredead: How was it?
(04:56 / All) Lord_Kamakazie: meh
(05:04 / All) Lord_Kamakazie: didnt taste like anything really
(05:05 / All) Lord_Kamakazie: hairy
(05:15 / All) Lord_Kamakazie: dog cum tastes different from people cum tho
(05:24 / All) TALONSAREIMBA: Do you guys need gameplay tips
(05:42 / All) Lord_Kamakazie: green needs a free lesson
(05:47 / All) TALONSAREIMBA: Wow purp
(05:49 / All) TALONSAREIMBA: disappointed
(05:57 / All) mycatsaredead: Tp always lags for me
(06:11 / All) TALONSAREIMBA: I understand
(06:15 / All) Lord_Kamakazie: you lag in a 8 year old game?
(06:17 / All) Lord_Kamakazie: sup with that
(06:25 / All) mycatsaredead: I know right
(06:39 / All) mycatsaredead: I think my computer is 8 yrs old
(06:47 / All) TALONSAREIMBA: Nice 8)
(06:59 / All) mycatsaredead: hard to get computers in russia
(07:09 / All) TALONSAREIMBA: are russian women hot
(07:15 / All) Lord_Kamakazie: no
(07:20 / All) Lord_Kamakazie: they look like plastic
(07:38 / All) Lord_Kamakazie: D
(08:19 / All) Lord_Kamakazie: want to see something really scary?
(08:23 / All) Lord_Kamakazie: !?!?!?!?
(08:30 / All) freelesson: yeah
(08:38 / All) Lord_Kamakazie: my blademaster right clicking your hero
(08:38 / All) TALONSAREIMBA: Dude u just got blink stomped
(08:41 / All) TALONSAREIMBA: im puttin this on youtube
(08:43 / All) TALONSAREIMBA: thanks man
(09:11 / All) Lord_Kamakazie: my name is optimus prime
(09:16 / All) TALONSAREIMBA: I am the best tc user on east
(10:05 / All) Lord_Kamakazie: leave
(10:54 / All) Lord_Kamakazie: thanks